 Dungeon Crawl Stone Soup version 0.16-a0-2059-gf848859 (webtiles) character file.

441 smajdalf the Ruffian (level 7, 0/59 (60) HPs)
             Began as a Ghoul Warper on Nov 11, 2014.
             Was a Believer of Kikubaaqudgha.
             Slain by Dowan
             ... wielding a +4 dagger of holy wrath
              (4 damage)
             ... on level 4 of the Dungeon.
             The game lasted 00:15:30 (4863 turns).

smajdalf the Ruffian (Ghoul Warper)                 Turns: 4863, Time: 00:15:30

HP:   0/59 (60)     AC:  6    Str: 15    XL:     7   Next: 2%
MP:   17/17         EV:  9    Int: 10    God:    Kikubaaqudgha [**....]
Gold: 152           SH:  0    Dex:  8    Spells: 3 memorised, 4 levels left

rFire  . . .     SeeInvis .       - Unarmed
rCold  + . .     Clarity  .     b - +0 ring mail
rNeg   + + +     SustAb   .     (no shield)
rPois  +         Gourm    .     (no helmet)
rElec  .         Spirit   .     (no cloak)
rCorr  .         Warding  .     (no gloves)
rMut   .         Stasis   .     v - +0 pair of boots
MR     .....                    (no amulet)
Stlth  ..........               (no ring)
                                m - ring of magical power

@: very slightly contaminated, rotting, hasted, very quick, not resistant to
hostile enchantments, extremely unstealthy
A: rotting body, claws 1, carnivore 3, cold resistance 1, negative energy
resistance 3, poison resistance, slow healing 1, torment resistance, unbreathing
a: Receive Corpses, Renounce Religion


You were on level 4 of the Dungeon.
You worshipped Kikubaaqudgha.
Kikubaaqudgha was pleased with you.
You were not hungry.

You visited 1 branch of the dungeon, and saw 4 of its levels.

You collected 208 gold pieces.
You spent 56 gold pieces at shops.

Inventory:

Missiles
 e - 4 tomahawks of dispersal
 z - 5 javelins (quivered)
Armour
 b - a +0 ring mail (worn)
 v - a +0 pair of boots (worn)
Jewellery
 m - a ring of magical power (left claw)
Scrolls
 a - 3 scrolls of remove curse
 d - a scroll of blinking
 l - 2 scrolls of immolation {unknown}
 n - 2 scrolls of random uselessness {unknown}
 q - 2 scrolls of enchant armour {unknown}
 t - 7 scrolls of identify {unknown}
 w - 2 scrolls of teleportation {unknown}
 y - a scroll of magic mapping {unknown}
 B - a scroll of fear {unknown}
Potions
 f - a potion of confusion {unknown}
 g - 3 potions of cure mutation
 h - a potion of agility {unknown}
 i - 2 potions of haste
 j - 2 potions of brilliance {unknown}
 p - 2 potions of mutation {unknown}
 r - 2 potions of resistance {unknown}
 A - a potion of restore abilities {unknown}
Books
 c - a book of Spatial Translocations

   Spells                             Type                      Level
   *Apportation                       Translocation                1
   *Blink                             Translocation                2
   *Shroud of Golubria                Charms/Translocation         2
   Portal Projectile                  Translocation                3
   Teleport Other                     Translocation                3
   Passage of Golubria                Translocation                4
 o - Kikubaaqudgha's Incunabulum of Unholy Magic
   (Kikubaaqudgha gifted it to you on level 3 of the Dungeon)

   Spells                             Type                      Level
   Animate Skeleton                   Necromancy                   1
   Pain                               Necromancy                   1
   Corpse Rot                         Necromancy                   2
   Regeneration                       Charms/Necromancy            3
   Control Undead                     Necromancy                   4
 s - a book of Death

   Spells                             Type                      Level
   Corpse Rot                         Necromancy                   2
   Sublimation of Blood               Necromancy                   2
   Agony                              Necromancy                   5
   Dispel Undead                      Necromancy                   5
   Excruciating Wounds                Charms/Necromancy            5
   Bolt of Draining                   Conjuration/Necromancy       5
Comestibles
 k - 3 meat rations
 u - a beef jerky


   Skills:
 + Level 4.3 Fighting
 - Level 0.8 Throwing
 - Level 0.8 Armour
 - Level 1.7 Dodging
 - Level 7.0 Unarmed Combat
 - Level 1.7 Spellcasting
 - Level 2.6 Translocations


You had 4 spell levels left.
You knew the following spells:

 Your Spells              Type           Power        Failure   Level  Hunger
a - Apportation           Tloc           #.........   14%         1    ##.....
b - Blink                 Tloc           N/A          21%         2    ###....
c - Shroud of Golubria    Chrm/Tloc      #.........   38%         2    ###....


Dungeon Overview and Level Annotations

Branches:
Dungeon (4/15)
 Temple: D:4-7

Altars:
Kikubaaqudgha
Okawaru
Sif Muna
Xom
Yredelemnul
The Shining One

Shops:
D:4 [((:*

Annotations:
D:4 shop: Sceptre of Torment (1680), spellbooks, +4 ringmail rF+ (341), Dowan


Innate Abilities, Weirdness & Mutations

Your body is rotting away.
You thrive on raw meat.
You have sharp fingernails.
You are carnivorous and can eat meat at any time.
Your flesh is cold resistant.
You are immune to negative energy.
Your system is resistant to poisons.
You heal slowly when monsters are visible.
You are immune to unholy pain and torment.
You can survive without breathing.


Message History

Drink which item? (? for menu, Esc to quit)
You feel yourself speed up.
Dowan hits you with a dagger of holy wrath.
* * * LOW HITPOINT WARNING * * *
You convulse.
* * * LOW HITPOINT WARNING * * *
The rat barely misses you.
You are very lightly contaminated with residual magic.
You claw Dowan!
Dowan is almost dead.
Dowan drinks a potion.
Dowan is healed!
The rat bites you.
* * * LOW HITPOINT WARNING * * *
Unknown command.
You completely miss Dowan.
Dowan is heavily wounded.
Dowan hits you with a dagger of holy wrath.
* * * LOW HITPOINT WARNING * * *
You convulse.
You die...
Kikubaaqudgha rasps: "You have failed me!
Welcome... oblivion!"

## #..##.....##
####..#...#...##
.##..##.####...#
## .....#..#
##..# .#
#....<.## #..##
.# #..##..#
#...# .#
#.######
##..##.# ..#
#.e)..# ###
##.@r∩# #.....#
#..#..# #..#.##
..##.# ...# ##
..## ..#
######## ###


You could see Dowan (bleeding) and a rat.

Vanquished Creatures
  Duvessa (D:4)
  A scorpion (D:4)
  A worker ant (D:4)
  3 adders
  14 gnolls
  An orc skeleton (D:4)
  4 worms
  4 giant geckos
  2 orcs
  12 bats
  8 giant cockroaches
  8 hobgoblins
  10 jackals
  8 kobolds
  5 giant newts
  11 goblins
  11 rats
104 creatures vanquished.

Notes
Turn   | Place    | Note
--------------------------------------------------------------
     0 | D:1      | smajdalf, the Ghoul Warper, began the quest for the Orb.
     0 | D:1      | Reached XP level 1. HP: 17/17 MP: 2/2
   178 | D:1      | Reached skill level 3 in Unarmed Combat
   178 | D:1      | Reached XP level 2. HP: 24/24 MP: 3/3
  1023 | D:2      | Reached XP level 3. HP: 27/27 MP: 5/5
  1061 | D:2      | Found an ancient bone altar of Kikubaaqudgha.
  1069 | D:2      | Became a worshipper of Kikubaaqudgha
  1135 | D:2      | Reached skill level 4 in Unarmed Combat
  2282 | D:2      | Reached XP level 4. HP: 36/36 MP: 5/5
  2494 | D:2      | Found an iron altar of Okawaru.
  2592 | D:2      | Found a shimmering altar of Xom.
  2611 | D:2      | Found a basalt altar of Yredelemnul.
  2630 | D:2      | Found a deep blue altar of Sif Muna.
  2748 | D:2      | Reached skill level 5 in Unarmed Combat
  3055 | D:2      | Reached XP level 5. HP: 18/41 MP: 6/6
  3091 | D:3      | Acquired Kikubaaqudgha's first power
  3091 | D:3      | Received a gift from Kikubaaqudgha
  3092 | D:3      | Identified Kikubaaqudgha's Incunabulum of Unholy Magic (Kikubaaqudgha gifted it to you on level 3 of the Dungeon)
  3096 | D:3      | Learned a level 2 spell: Blink
  3099 | D:3      | Learned a level 2 spell: Shroud of Golubria
  3195 | D:3      | Found a glowing golden altar of the Shining One.
  3260 | D:3      | Reached skill level 6 in Unarmed Combat
  3634 | D:3      | Reached XP level 6. HP: 48/48 MP: 8/8
  3865 | D:4      | Reached skill level 7 in Unarmed Combat
  4045 | D:4      | Found Ivuud's Antique Weapon Shop.
  4068 | D:4      | Found Siah's Weapon Emporium.
  4072 | D:4      | Bought 5 javelins for 56 gold pieces
  4161 | D:4      | Found Olehos' Book Shoppe.
  4336 | D:4      | Acquired Kikubaaqudgha's second power
  4488 | D:4      | Found Uppullemo's Armour Boutique.
  4836 | D:4      | Found Vausarec's Assorted Antiques.
  4836 | D:4      | Noticed Dowan
  4837 | D:4      | Noticed Duvessa
  4857 | D:4      | Killed Duvessa
  4857 | D:4      | Reached XP level 7. HP: 17/59 MP: 8/8
  4863 | D:4      | Slain by Dowan

Action                   |  1- 3 |  4- 6 |  7- 9 || total
-------------------------+-------+-------+-------++-------
Melee: Unarmed           |   147 |   268 |     4 ||   419
Throw: Tomahawk          |     1 |       |       ||     1
  Use: Scroll            |       |     1 |       ||     1
       Potion            |       |       |     2 ||     2
  Eat: Chunk             |    13 |    37 |       ||    50
